 Dungeon Crawl Stone Soup version 0.19.1 (webtiles) character file.

882 dearth the Skirmisher (level 7, -1/64 HPs)
             Began as a Minotaur Fighter on Dec 26, 2016.
             Slain by a sky beast (6 damage)
             ... on level 5 of the Dungeon.
             The game lasted 00:14:38 (4298 turns).

dearth the Skirmisher (Minotaur Fighter)            Turns: 4298, Time: 00:14:39

Health: -1/64      AC:  8    Str: 23      XL:     7   Next: 76%
Magic:  6/6        EV:  9    Int:  5      God:
Gold:   59         SH:  9    Dex:  6 (9)  Spells: 0 memorised, 6 levels left

rFire  . . .     SeeInvis .     a - +0 flail
rCold  . . .     Gourm    .     b - +0 scale mail
rNeg   . . .     Faith    .     c - +0 shield
rPois  .         Spirit   .     (helmet restricted)
rElec  .         Reflect  .     (no cloak)
rCorr  .         Harm     .     (no gloves)
MR     +....                    r - +0 pair of boots {Fly}
Stlth  ..........               (no amulet)
                                (no ring)
                                m - ring of protection from magic

@: flying
A: retaliatory headbutt, horns 2
a: Stop Flying


You were on level 5 of the Dungeon.
You were very hungry.

You visited 1 branch of the dungeon, and saw 5 of its levels.

You collected 245 gold pieces.
You spent 186 gold pieces at shops.

Inventory:

Hand Weapons
 a - a +0 flail (weapon)
Armour
 b - a +0 scale mail (worn)
 c - a +0 shield (worn)
 r - a +0 pair of boots of flying (worn)
Jewellery
 m - a ring of protection from magic (left hand)
Scrolls
 e - a scroll of teleportation
 j - a scroll of identify
 t - a scroll of fog {unknown}
Potions
 d - a potion of might
 g - 2 potions of berserk rage
 k - a potion of haste
 l - a potion of curing
 n - a potion of mutation
 p - a potion of heal wounds {unknown}
 s - a potion of ambrosia {unknown}
Books
 q - a book of Frost

   Spells                             Type                      Level
   a - Freeze                         Ice                          1
   b - Throw Frost                    Conjuration/Ice              2
   c - Ozocubu's Armour               Charms/Ice                   3
   d - Throw Icicle                   Conjuration/Ice              4
   e - Summon Ice Beast               Ice/Summoning                4
Comestibles
 f - 2 bread rations
 h - 2 beef jerkies
 i - 2 meat rations
 o - a fruit
 u - a slice of pizza


   Skills:
 * Level 6.8 Fighting
 * Level 5.9 Maces & Flails
 + Level 5.4 Armour
 + Level 3.4 Dodging
 + Level 5.3 Shields


You had 6 spell levels left.
You didn't know any spells.

Dungeon Overview and Level Annotations

Branches:
Dungeon (5/15)
 Temple: D:4-7

Altars:
Cheibriados
Qazlal
Yredelemnul

Shops:
D:4 !


Innate Abilities, Weirdness & Mutations

You reflexively headbutt those who attack you in melee.
You have a pair of horns on your head.


Message History

Reactivating autopickup.
The sky beast flickers out of sight!
Deactivating autopickup; reactivate with Ctrl-A.
There is a stone staircase leading up here.
You block something's attack.
You miss something.
You are feeling very hungry.
Something hits you.
* * * LOW HITPOINT WARNING * * *
Something shocks you.
* * * LOW HITPOINT WARNING * * *
Something hits you.
* * * LOW HITPOINT WARNING * * *
Something shocks you.
* * * LOW HITPOINT WARNING * * *
An ogre comes into view. It is wielding a giant club.
Something hits you.
* * * LOW HITPOINT WARNING * * *
Something shocks you.
You die...

#.# # #.##########.# # ..#
.## #........>...##.## ###
..###..#########.....#
#.#...........##.##..#
#.#.#..######.##.## .#
#####.#.#..# ###......#..#
[#......#..# #...#.......#
...........###.#......##.#
................@.##.## #
...##.####.###.#####O#
...##.# #...........#
...##.# #####.#######
.#.##.# #.# ....... #.#
##.#### #.# #.# #.# # #.#


There were no monsters in sight!

Vanquished Creatures
  Sigmund (D:2)
  2 ogres (D:4)
  A scorpion (D:5)
  2 howler monkeys (D:4)
  2 crimson imps
  2 jellies (D:5)
  A hound (D:4)
  Jessica (D:2)
  Terence (D:2)
  An iguana (D:4)
  A worker ant zombie (D:5)
  4 gnolls
  4 adders
  2 oozes
  An adder skeleton (D:5)
  4 worms
  2 dart slugs
  5 leopard geckos
  5 orcs
  2 ball pythons (D:3)
  4 giant cockroaches
  3 goblins
  10 hobgoblins
  A jackal (D:2)
  2 quokkas
  7 bats
  8 frilled lizards
  A jackal skeleton (D:5)
  6 kobolds
  A leopard gecko skeleton (D:4)
  5 rats
92 creatures vanquished.

Notes
Turn   | Place    | Note
-------+----------+-------------------------------------------
     0 | D:1      | dearth the Minotaur Fighter began the quest for the Orb.
     0 | D:1      | Reached XP level 1. HP: 19/19 MP: 0/0
     6 | D:1      | Noticed a lindwurm
     6 | D:1      | Noticed a polar bear
     6 | D:1      | Noticed a wyvern
     6 | D:1      | Noticed a hound
     6 | D:1      | Noticed a black mamba
   178 | D:1      | Reached XP level 2. HP: 16/27 MP: 1/1
   340 | D:1      | Reached skill level 1 in Dodging
   471 | D:1      | Reached skill level 4 in Fighting
   936 | D:2      | Reached XP level 3. HP: 33/33 MP: 2/2
   981 | D:2      | Noticed Jessica
   984 | D:2      | Noticed Terence
   985 | D:2      | Killed Jessica
   991 | D:2      | Killed Terence
   991 | D:2      | Reached XP level 4. HP: 27/41 MP: 3/3
  1187 | D:2      | Noticed Sigmund
  1194 | D:2      | Killed Sigmund
  1194 | D:2      | Reached skill level 5 in Fighting
  1194 | D:2      | Reached XP level 5. HP: 42/48 MP: 4/4
  1194 | D:2      | Reached XP level 6. HP: 49/56 MP: 5/5
  2204 | D:3      | Found a snail-covered altar of Cheibriados.
  2560 | D:4      | Found a stormy altar of Qazlal.
  2580 | D:4      | Reached skill level 5 in Maces & Flails
  2865 | D:4      | Reached skill level 6 in Fighting
  2865 | D:4      | Reached skill level 5 in Armour
  2907 | D:4      | Reached XP level 7. HP: 21/63 MP: 6/6
  2911 | D:4      | Reached skill level 5 in Shields
  3163 | D:4      | Found Inidotist's Distillery.
  3171 | D:4      | Bought a potion of haste for 120 gold pieces
  3171 | D:4      | Bought a potion of curing for 36 gold pieces
  3171 | D:4      | Bought a potion of mutation for 30 gold pieces
  3258 | D:4      | Found a basalt altar of Yredelemnul.
  4036 | D:5      | Entered Level 5 of the Dungeon
  4298 | D:5      | Slain by a sky beast

Skill      XL: |  1  2  3  4  5  6  7 |
---------------+----------------------+-----
Dodging        | 1 2 3 |  3.4
Fighting       | 4 5 6 |  6.8
Maces & Flails | 3 4 5 |  5.9
Armour         | 4 5 |  5.4
Shields        | 4 5 |  5.3

Action                   |  1- 3 |  4- 6 |  7- 9 || total
-------------------------+-------+-------+-------++-------
Melee: Flail             |    82 |   135 |   101 ||   318
       Headbutt          |    15 |    27 |    15 ||    57
  Use: Scroll            |       |     7 |       ||     7
       Potion            |       |     2 |       ||     2
  Eat: Chunk             |       |     3 |     2 ||     5
       Royal jelly       |       |     1 |       ||     1
       Pizza             |       |     1 |       ||     1
       Fruit             |       |       |     2 ||     2
Armor: Scale mail        |    30 |    45 |    41 ||   116
Dodge: Dodged            |    29 |    45 |    24 ||    98
Block: Shield            |    49 |    79 |    39 ||   167
